 Dungeon Crawl Stone Soup version 0.21.1-1-g345015fe64 (webtiles) character file.

438 NullDivider the Charlatan (level 6, -8/32 HPs)
             Began as a Spriggan Artificer on June 1, 2018.
             Was an Initiate of Gozag.
             Mangled by an ogre
             ... wielding a +0 giant club
              (21 damage)
             ... on level 4 of the Dungeon.
             The game lasted 00:11:03 (3631 turns).

NullDivider the Charlatan (Spriggan Artificer)      Turns: 3631, Time: 00:11:06

Health: -8/32      AC:  2    Str:  8    XL:     6   Next: 69%
Magic:  10/10      EV: 21    Int: 12    God:    Gozag
Gold:   376        SH:  0    Dex: 19    Spells: 5/5 levels left

rFire    . . .     SeeInvis +   a - +0 short sword
rCold    . . .     Gourm    .   (shield restricted)
rNeg     . . .     Faith    .   b - +0 robe
rPois    .         Spirit   .   (helmet restricted)
rElec    .         Reflect  .   (no cloak)
rCorr    .         Harm     .   (gloves unavailable)
MR       +....                  (boots unavailable)
Stlth    +++.......             (no amulet)
HPRegen  0.10/turn              l - +3 ring of slaying
MPRegen  0.12/turn              (no ring)

@: very quick
A: very small, unfitting armour, see invisible, herbivore, speed 3, slow
metabolism 2
a: Potion Petition, Call Merchant, Bribe Branch, Renounce Religion


You were on level 4 of the Dungeon.
You worshipped Gozag.
Gozag was aware of your devotion.
You were hungry.

You visited 1 branch of the dungeon, and saw 4 of its levels.

You collected 401 gold pieces.
You paid 25 gold pieces to Gozag.

Inventory:

Hand Weapons
 a - a +0 short sword (weapon)
 g - a +0 hunting sling
Missiles
 i - 187 stones (quivered)
 k - 100 arrows
Armour
 b - a +0 robe (worn)
Jewellery
 l - a +3 ring of slaying (left hand)
 p - a +2 amulet of reflection {unknown}
Wands
 c - a wand of flame (15)
 d - a wand of enslavement (15)
 e - a wand of random effects (7)
Scrolls
 h - 2 scrolls of amnesia
 m - 2 scrolls of immolation {unknown}
 q - a scroll of remove curse {unknown}
 r - a scroll of identify {unknown}
 s - a scroll of teleportation {unknown}
Potions
 j - a potion of ambrosia {unknown}
 n - 2 potions of mutation {unknown}
 o - 2 potions of flight {unknown}
Comestibles
 f - 5 rations


   Skills:
 * Level 3.1 Fighting
 * Level 3.9 Short Blades
 + Level 4.7 Dodging
 + Level 4.4 Stealth
 + Level 5.3 Evocations


You had 5 spell levels left.
You didn't know any spells.

Dungeon Overview and Level Annotations

Branches:
Dungeon (4/15)
 Temple: D:4-7

Altars:
Ashenzari
Gozag
Nemelex Xobeh
Okawaru
Qazlal
Trog
Xom


Innate Abilities, Weirdness & Mutations

You are very small and have problems with some larger weapons.
You are too small for most types of armour.
You have supernaturally acute eyesight. (SInv)
You are a herbivore.
You cover ground extremely quickly.
You need consume almost no food.


Message History

Items here: )))) [[ Evoke which item? (* to show all) (? for menu, Esc to quit)
Aiming: Random Effects
Press: ? - help, Shift-Dir - straight line, f - ogre
Aim: an ogre, wielding a giant club The ogre appears confused.
Items here: )))) [[ You hit the ogre.
The ogre is lightly wounded.
The ogre ponders the situation.
You hit the ogre.
The ogre is moderately wounded.
The ogre closely misses you.
You strike the helpless ogre from behind!
You puncture the ogre!
The ogre is severely wounded.
The ogre hits you with a giant club!!
Ouch! That really hurt!
You die...
Your body crumbles into a pile of gold.

. #.#.........# ..
#.#.#######.# ..
###.#.#.....#.#
...+.#...#.###.#.#
...#.#...#.#.....#
#.......#.#.#.###
##.#.##....#.#.#
....>.######.#.#####
...#...........O@..##
##.#..#####.######..#
# #.............)..#
#..###..#######..#
#._#.......#.....#
#..#.......#..$..#
#..#..#########.%#
#..... ...# #.....
..##


You could see an ogre (confused).

Vanquished Creatures
  Sigmund (D:3)
  A crimson imp (D:3)
  A hound (D:4)
  An orc wizard (D:4)
  An orc priest (D:4)
  Terence (D:2)
  Robin (D:2)
  3 adders
  2 oozes
  A worm (D:2)
  2 dart slugs (D:2)
  5 leopard geckos
  5 orcs
  5 bats
  6 giant cockroaches
  7 hobgoblins
  3 quokkas
  2 ball pythons (D:2)
  2 frilled lizards
  16 goblins
  4 kobolds
  7 rats
77 creatures vanquished.

Notes
Turn   | Place    | Note
-------+----------+-------------------------------------------
     0 | D:1      | NullDivider the Spriggan Artificer began the quest for the Orb.
     0 | D:1      | Reached XP level 1. HP: 9/9 MP: 4/4
   112 | D:1      | Reached skill level 1 in Fighting
   354 | D:1      | Reached XP level 2. HP: 14/14 MP: 6/6
   739 | D:2      | Reached XP level 3. HP: 16/18 MP: 7/7
   741 | D:2      | Noticed Robin
  1101 | D:2      | Killed Robin
  1319 | D:2      | Noticed Terence
  1347 | D:2      | Killed Terence
  1347 | D:2      | Reached XP level 4. HP: 11/23 MP: 8/8
  1626 | D:2      | Found an opulent altar of Gozag.
  1654 | D:2      | Found a shimmering altar of Xom.
  1666 | D:2      | Became a worshipper of Gozag Ym Sagoz the Greedy
  1777 | D:2      | Found a sparkling altar of Nemelex Xobeh.
  1964 | D:3      | Reached XP level 5. HP: 17/26 MP: 9/9
  2411 | D:3      | Found an iron altar of Okawaru.
  2656 | D:3      | Noticed Sigmund
  2675 | D:3      | Killed Sigmund
  2675 | D:3      | Reached skill level 5 in Evocations
  2675 | D:3      | Reached XP level 6. HP: 13/32 MP: 10/10
  2992 | D:3      | Found a shattered altar of Ashenzari.
  3003 | D:3      | Found a stormy altar of Qazlal.
  3544 | D:4      | Found a bloodstained altar of Trog.
  3631 | D:4      | Mangled by an ogre

Skill      XL: |  1  2  3  4  5  6 |
---------------+-------------------+-----
Fighting       | 1 2 3 |  3.1
Stealth        | 2 3 4 |  4.4
Short Blades   | 2 3 |  3.9
Dodging        | 4 |  4.7
Evocations     | 5 |  5.3

Action                   |  1- 3 |  4- 6 || total
-------------------------+-------+-------++-------
Melee: Short sword       |   109 |   172 ||   281
 Fire: Hunting sling     |     7 |       ||     7
Evoke: Wand              |     2 |     6 ||     8
  Use: Scroll            |       |     1 ||     1
 Stab: Sleeping          |     7 |     2 ||     9
       Confused          |       |     1 ||     1
Armor: Robe              |    12 |    10 ||    22
Dodge: Dodged            |    95 |   141 ||   236
